 Dungeon Crawl Stone Soup version 0.21.1-1-g345015f (webtiles) character file.

37 Dioder the Ducker (level 3, 0/19 HPs)
             Began as a Spriggan Abyssal Knight on Feb 16, 2018.
             Was a Follower of Lugonu.
             Succumbed to an adder's poison
             ... on level 2 of the Dungeon.
             The game lasted 00:07:43 (2293 turns).

Dioder the Ducker (Spriggan Abyssal Knight)         Turns: 2293, Time: 00:07:45

Health: 0/19       AC:  2    Str:  8    XL:     3   Next: 23%
Magic:  5/5        EV: 21    Int: 13    God:    Lugonu [*.....]
Gold:   54         SH:  0    Dex: 16    Spells: 2/2 levels left

rFire    . . .     SeeInvis +   h - +0 hand axe
rCold    . . .     Gourm    .   (shield restricted)
rNeg     . . .     Faith    .   e - +0 robe (curse)
rPois    .         Spirit   .   (helmet restricted)
rElec    .         Reflect  .   (no cloak)
rCorr    .         Harm     .   (gloves unavailable)
MR       .....                  (boots unavailable)
Stlth    +.........             (no amulet)
HPRegen  0.06/turn              (no ring)
MPRegen  0.09/turn              (no ring)

@: lethally poisoned (0 -> -4), very quick
A: very small, unfitting armour, see invisible, herbivore, speed 3, slow
metabolism 2
a: Depart the Abyss, Renounce Religion


You were on level 2 of the Dungeon.
You worshipped Lugonu.
Lugonu was aware of your devotion.
You were not hungry.

You visited 1 branch of the dungeon, and saw 2 of its levels.
You visited the Abyss 1 time.

You collected 54 gold pieces.

Inventory:

Hand Weapons
 g - a +0 hunting sling
 h - a +0 hand axe (weapon)
Armour
 a - a +0 robe
 e - a cursed +0 robe (worn)
Jewellery
 i - an uncursed ring of positive energy {unknown}
Scrolls
 d - 2 scrolls of identify
 f - a scroll of teleportation
Books
 c - a Young Poisoner's Handbook

   Spells                             Type                      Level
   a - Sting                          Conjuration/Poison           1
   b - Poisonous Vapours              Poison/Air                   2
   c - Mephitic Cloud                 Conjuration/Poison/Air       3
   d - Olgreb's Toxic Radiance        Poison                       4
   e - Venom Bolt                     Conjuration/Poison           5
Comestibles
 b - 2 rations


   Skills:
 - Level 2.4 Fighting
 + Level 1.3 Slings
 + Level 5.4 Dodging
 - Level 1.5 Unarmed Combat
 - Level 1.7 Invocations


You had 2 spell levels left.
You didn't know any spells.

Dungeon Overview and Level Annotations

Branches:
Dungeon (2/15)

Altars:


Innate Abilities, Weirdness & Mutations

You are very small and have problems with some larger weapons.
You are too small for most types of armour.
You have supernaturally acute eyesight. (SInv)
You are a herbivore.
You cover ground extremely quickly.
You need consume almost no food.


Message History

h - a +0 hand axe (weapon)
You closely miss the adder.
The adder is heavily wounded.
The adder bites you.
* * * LOW HITPOINT WARNING * * *
You are lethally poisoned!
The adder poisons you! The adder misses you.
* * * LOW HITPOINT WARNING * * *
You feel sick.
* * * LOW HITPOINT WARNING * * *
You feel sick.
* * * LOW HITPOINT WARNING * * *
You feel sick.
* * * LOW HITPOINT WARNING * * *
You feel sick.
You see here an adder corpse.
* * * LOW HITPOINT WARNING * * *
You feel sick.
There is a stone staircase leading up here.
You die...

######S# #.# #
###.#######.# #
#........##.# #
#.#......##.# ##
#.#########.# .#
#......S....# .#
############# S#
### .# #@#
.###############.##
..........S.......#
.##################
.###### ....†.#
.####.# .# #.# .#
#.#


There were no monsters in sight!

Vanquished Creatures
  2 adders (D:2)
  6 goblins (D:1)
  3 hobgoblins (D:1)
  3 kobolds (D:1)
  3 frilled lizards
  2 rats
19 creatures vanquished.

Notes
Turn   | Place    | Note
-------+----------+-------------------------------------------
     0 | Abyss:1  | Dioder the Spriggan Abyssal Knight began the quest for the Orb.
     0 | Abyss:1  | Reached XP level 1. HP: 11/11 MP: 3/3
    29 | Abyss:1  | Found a corrupted altar of Lugonu.
    89 | Abyss:2  | Noticed a white draconian
    92 | Abyss:2  | Noticed a large abomination
    99 | D:1      | Escaped the Abyss
   421 | D:1      | Reached skill level 4 in Dodging
   648 | D:1      | Reached * piety under Lugonu
   797 | D:1      | Reached XP level 2. HP: 16/16 MP: 4/4
  1105 | D:1      | Reached skill level 5 in Dodging
  1955 | D:2      | Reached skill level 1 in Slings
  1955 | D:2      | Reached XP level 3. HP: 12/19 MP: 5/5
  2293 | D:2      | Succumbed to an adder's poison

Skill      XL: |  1  2 |
---------------+-------+-----
Dodging        | 4 5 |  5.4
Slings         | 1 |  1.3
Fighting       | |  2.4
Unarmed Combat | |  1.5
Invocations    | |  1.7

Action                   || total
-------------------------++-------
Melee: Unarmed           ||    99
       Hand axe          ||    17
       Hunting sling     ||    16
 Fire: Hunting sling     ||    26
Throw: Stone             ||    27
Invok: Depart the Abyss  ||     1
  Use: Potion            ||     2
       Scroll            ||     1
Armor: Robe              ||    12
Dodge: Dodged            ||   123
